Map: [ESL] Gresvan

Players

Bunny - Winner!

  • Race: Terran Terran
  • Spawn Location: 5:00

Lambo

  • Race: Zerg Zerg
  • Spawn Location: 11:00

Event: ESL SC2 Masters 2023 Summer (Finals)

VOD

Have the link to the VOD?

Description

Time

  • Played on: June 17, 2023, 10:44 a.m.
  • Length: 9:57

All games in this series

Show
View Real Time Build Order
Export as new Build Order

Bunny Terran - Winner!

Build Orders: Hellion Opening, Reaper Expand 

Get SALT Encoding   

  12  0:00  SCV  
  13  0:12  SCV  
  14  0:16  Supply Depot  
  14  0:24  SCV  
  15  0:38  SCV  
  15  0:39  Barracks  
  15  0:41  Refinery  
  16  0:50  SCV  
  17  1:02  SCV  
  18  1:14  SCV  
  19  1:26  Orbital Command, Reaper  
  20  1:38  Command Center  
  20  1:46  Supply Depot  
  20  1:51  SCV  
  21  1:58  Marine  
  22  2:03  SCV  
  22  2:07  Factory  
  23  2:16  SCV  
  23  2:18  Barracks Reactor  
  24  2:28  SCV  
  25  2:40  SCV  
  25  2:41  Command Center  
  26  2:51  Orbital Command  
  26  2:52  SCV  
  26  2:58  Starport  
  27  3:04  SCV  
  27  3:05  Hellion  
  30  3:10  Hellion  
  32  3:14  Refinery  
  32  3:16  SCV  
  32  3:17  SCV  
  34  3:23  Barracks Tech Lab  
  34  3:26  Hellion  
  36  3:29  SCV  
  36  3:31  SCV, Hellion  
  40  3:36  Viking  
  42  3:43  SCV x2  
  42  3:44  Marine  
  45  3:53  Hellion x2  
  49  4:01  SCV x2  
  49  4:02  Orbital Command  
  49  4:07  Liberator  
  52  4:13  SCV x2  
  55  4:18  Stimpack, Hellion x2  
  58  4:25  SCV x2  
  58  4:31  Orbital Command  
  61  4:42  Barracks  
  61  4:44  SCV  
  61  4:48  Supply Depot  
  61  4:49  Factory Tech Lab  
  61  4:51  Barracks, Supply Depot  
  61  4:53  Starport Reactor  
  61  4:54  Engineering Bay x2  
  61  5:09  Marine, Refinery  
  61  5:10  SCV x3, Refinery  
  61  5:11  Siege Tank  
  61  5:12  Supply Depot  
  64  5:22  SCV x3  
  64  5:23  Terran Infantry Weapons Level 1  
  67  5:30  Barracks  
  67  5:31  Barracks  
  67  5:34  SCV x3  
  70  5:38  Terran Infantry Armor Level 1  
  70  5:40  Supply Depot x2  
  70  5:42  Starport Reactor  
  65  5:46  SCV  
  65  5:47  SCV x2  
  68  5:50  Siege Tank  
  68  5:53  Marine x3  
  68  5:54  Marine x2  
  76  5:58  SCV  
  76  5:59  SCV x2  
  79  6:04  Combat Shield  
  79  6:07  Supply Depot  
  79  6:09  Supply Depot  
  79  6:10  SCV  
  80  6:11  SCV x2  
  80  6:14  Marine x3  
  80  6:16  Marine x2  
  80  6:17  Medivac  
  89  6:19  Medivac  
  89  6:22  Barracks Reactor  
  89  6:25  SCV x3  
  94  6:26  Barracks Reactor  
  94  6:28  Supply Depot  
  94  6:32  Marine x2  
  96  6:33  Marine  
  96  6:36  Supply Depot  
  96  6:38  Siege Tank  
  96  6:39  Marine x2  
  102  6:48  Supply Depot  
  102  6:49  Marine  
  102  6:50  Marine  
  102  6:51  Marine  
  102  6:53  Medivac  
  107  6:55  Medivac  
  107  6:57  Marine x2  
  107  6:59  Marine  
  107  7:00  Marine  
  113  7:07  Marine  
  113  7:08  Marine, Supply Depot  
  115  7:09  Marine x2, Supply Depot  
  115  7:10  Marine  
  115  7:11  Siege Tank  
  115  7:13  SCV x3  
  115  7:15  Marine x2  
  126  7:16  Supply Depot  
  126  7:17  Marine  
  126  7:18  Marine  
  126  7:22  Barracks  
  128  7:23  Barracks  
  128  7:25  Marine  
  126  7:34  Marine x6  
  126  7:35  Marine x2  
  126  7:36  Medivac  
  134  7:39  Medivac  
  134  7:42  Supply Depot  
  134  7:43  Marine, Siege Tank  
  140  7:51  Marine  
  140  7:57  Marine x7  
  140  7:58  Armory  
  148  8:01  Marine  
  149  8:06  Medivac  
  149  8:09  Marine, Medivac  
  154  8:15  Marine x6  
  154  8:16  Marine  
  154  8:18  Marine, Siege Tank  
  165  8:21  Marine x2  
  164  8:27  Marine  
  164  8:32  Marine  
  164  8:33  Marine x5  
  147  8:34  Marine  
  147  8:36  Marine  
  147  8:39  Marine x2  
  147  8:40  Liberator  
  154  8:43  Liberator  
  154  8:45  Marine  
  158  8:50  Marine x3  
  158  8:51  Marine x3  
  158  8:52  Marine  
  158  8:54  Marine  
  166  8:57  Marine x2  
  166  9:03  Marine  
  166  9:05  Siege Tank  
  166  9:08  Marine x6  
  166  9:09  Marine  
  146  9:12  Marine  
  146  9:15  Marine x2  
  145  9:21  Marine  
  144  9:26  Marine x6  
  144  9:27  Marine  
  144  9:30  Marine  
  138  9:32  Marine  
  138  9:33  Marine  
  147  9:38  Marine  
Show
View Real Time Build Order
Export as new Build Order

Lambo Zerg 

Build Orders: Hatch First 

Get SALT Encoding   

  12  0:00  Drone  
  13  0:12  Overlord  
  13  0:17  Drone  
  14  0:31  Drone x2  
  16  0:47  Hatchery  
  15  0:50  Drone  
  15  0:54  Drone  
  17  0:58  Drone  
  18  1:09  Extractor  
  17  1:12  Spawning Pool  
  17  1:15  Drone  
  18  1:18  Drone  
  18  1:28  Drone  
  19  1:38  Drone  
  20  1:49  Drone  
  21  1:59  Queen x2  
  21  2:00  Zergling x4  
  27  2:09  Drone  
  27  2:15  Hatchery  
  27  2:19  Overlord  
  27  2:22  Drone  
  27  2:38  Queen  
  27  2:39  Drone x3  
  32  2:45  Metabolic Boost  
  32  2:52  Overlord  
  32  2:55  Drone x3  
  35  3:09  Queen  
  35  3:10  Drone x3  
  35  3:11  Drone  
  41  3:14  Drone x2  
  43  3:24  Overlord  
  43  3:29  Queen  
  43  3:30  Queen  
  43  3:31  Drone  
  48  3:38  Drone  
  48  3:39  Overlord  
  49  3:44  Drone x4  
  49  3:47  Queen  
  55  3:50  Drone  
  55  3:54  Evolution Chamber  
  55  3:59  Zergling x4  
  55  4:00  Drone  
  59  4:03  Drone x4  
  59  4:05  Extractor, Drone  
  63  4:12  Overlord  
  63  4:14  Overlord  
  64  4:18  Baneling Nest  
  64  4:21  Overlord  
  64  4:24  Overlord  
  63  4:30  Queen  
  65  4:33  Zergling x8  
  65  4:35  Drone x2  
  73  4:41  Drone x7  
  80  4:46  Lair  
  80  4:47  Extractor  
  80  4:52  Drone x2  
  81  4:56  Drone x2  
  82  5:00  Drone, Spore Crawler  
  82  5:01  Spore Crawler  
  82  5:02  Drone x2  
  82  5:07  Hatchery, Drone  
  82  5:15  Overlord  
  82  5:16  Overlord  
  82  5:17  Overlord  
  82  5:24  Overlord  
  82  5:27  Extractor  
  80  5:30  Overlord  
  80  5:32  Extractor  
  80  5:33  Evolution Chamber x2  
  80  5:34  Overlord  
  77  5:35  Drone x11  
  88  5:44  Centrifugal Hooks, Drone  
  88  5:46  Queen  
  91  5:51  Drone x5  
  96  5:58  Overlord  
  96  6:01  Zerg Ground Armor Level 1, Zerg Melee Weapons Level 1  
  96  6:03  Zergling x10  
  101  6:12  Zergling x8  
  101  6:14  Hatchery  
  101  6:17  Zergling x4  
  106  6:23  Overlord  
  106  6:25  Zergling x10  
  111  6:27  Baneling x5  
  111  6:31  Zergling x4  
  111  6:32  Overlord, Baneling x2  
  113  6:34  Zergling x6  
  113  6:37  Zergling x6  
  113  6:38  Baneling x4  
  119  6:40  Drone  
  119  6:44  Zergling x2  
  119  6:45  Zergling x2  
  122  6:48  Zergling x2  
  122  6:51  Zergling x6  
  122  6:52  Zergling x4  
  126  6:55  Zergling x2  
  126  6:59  Drone  
  126  7:00  Drone x2  
  130  7:02  Zergling x4  
  130  7:03  Baneling x2  
  130  7:07  Drone x3  
  130  7:08  Zergling x4  
  137  7:10  Pneumatized Carapace  
  137  7:11  Zergling x6  
  137  7:12  Baneling x4  
  140  7:15  Drone x2  
  140  7:18  Zergling x2  
  140  7:21  Baneling x5  
  143  7:26  Hatchery  
  143  7:29  Zergling x20  
  150  7:37  Zergling x6  
  150  7:43  Overlord  
  150  7:45  Overlord  
  150  7:49  Overlord  
  147  7:52  Overlord  
  147  7:53  Baneling x4  
  147  7:54  Baneling x5  
  147  7:56  Zergling x4  
  149  7:59  Overlord  
  149  8:03  Zergling x22  
  149  8:05  Zergling x6  
  163  8:06  Baneling x5  
  163  8:08  Queen  
  163  8:09  Queen x3  
  163  8:11  Zergling x4  
  173  8:18  Zergling x12  
  179  8:25  Zergling x2  
  179  8:26  Zergling x6  
  181  8:30  Zergling x12  
  159  8:35  Zergling x16  
  159  8:39  Zergling x2  
  159  8:40  Zergling x10  
  168  8:43  Zergling x8  
  168  8:47  Baneling x5  
  172  8:49  Zergling x8  
  172  8:54  Zergling x4  
  172  8:56  Baneling x8  
  172  8:59  Zergling x8  
  166  9:05  Zergling x10  
  166  9:08  Zergling x4  
  129  9:11  Zergling x10  
  129  9:16  Queen x2, Zergling x2  
  122  9:18  Baneling x3  
  122  9:20  Zergling x6  
  120  9:24  Zergling x4  
  120  9:27  Zergling x4  
  120  9:29  Zergling x2  
  120  9:30  Zergling x2  
  114  9:32  Zergling x4  
  114  9:33  Baneling  
  114  9:34  Baneling x5  
  114  9:36  Zergling x2  
  114  9:38  Baneling x3, Zergling x2  
  110  9:39  Zergling x6  
Tags
 
Add a new tag
Caveats
  • Supply blocks, unpowered buildings, or Contaminate may cause inaccurate times.
  • Supply counts are checked every 10 seconds.